 Dungeon Crawl Stone Soup version 0.26.1-11-gd32895ea62 (webtiles) character file.

Game seed: 5955015559557879134

79 vvl the Caller (level 4, -5/32 HPs)
             Began as a Merfolk Summoner on July 16, 2021.
             Was an Initiate of Makhleb.
             Slain by a gnoll
             ... wielding a +0 spear
              (9 damage)
             ... on level 3 of the Dungeon.
             The game lasted 00:05:54 (2931 turns).

vvl the Caller (Merfolk Summoner)                   Turns: 2931, Time: 00:05:55

Health: -5/32      AC:  4    Str:  9    XL:     4   Next: 38%
Magic:  7/7        EV: 13    Int: 14    God:    Makhleb [......]
Gold:   135        SH:  0    Dex: 20    Spells: 6/7 levels left

rFire    . . .     SeeInvis .   n - +2 hand axe (elec)
rCold    . . .     Faith    .   (no shield)
rNeg     . . .     Spirit   .   l - +1 leather armour {rPois}
rPois    +         Reflect  .   (no helmet)
rElec    .         Harm     .   (no cloak)
rCorr    .         Rampage  .   (no gloves)
Will     .....                  (no boots)
Stlth    ++........             (no amulet)
HPRegen  0.10/turn              o - +6 ring of dexterity
MPRegen  0.10/turn              (no ring)

@: no status effects
A: change form in water, swift swim, stealthy swim
a: Renounce Religion


You were on level 3 of the Dungeon.
You worshipped Makhleb.
Makhleb was noncommittal.
You visited 1 branch of the dungeon, and saw 3 of its levels.

You collected 135 gold pieces.

Inventory:

Hand Weapons
 k - a +0 spear
 m - a +1 dagger of speed
 n - a +2 hand axe of electrocution (weapon)
Armour
 l - a +1 leather armour of poison resistance (worn)
Jewellery
 o - a +6 ring of dexterity (left hand)
Scrolls
 a - 2 scrolls of noise {unknown}
 e - a scroll of enchant armour {unknown}
 f - 3 scrolls of teleportation {unknown}
 h - 3 scrolls of remove curse {unknown}
 j - a scroll of fog {unknown}
 q - a scroll of identify {unknown}
Potions
 b - 2 potions of brilliance {unknown}
 c - a potion of heal wounds {unknown}
 d - a potion of magic {unknown}
 g - a potion of might {unknown}
 i - a potion of curing {unknown}
 p - a potion of haste {unknown}
 r - 2 potions of lignification {unknown}


   Skills:
 + Level 1.4 Fighting
 + Level 2.1 Polearms
 + Level 3.5 Dodging
 + Level 2.9 Stealth
 + Level 2.4 Spellcasting
 + Level 4.2 Summonings


You had 6 spell levels left.
You knew the following spells:

 Your Spells              Type           Power        Failure   Level
a - Summon Small Mammal   Summ           52%          5%          1

Your spell library contained the following spells:

 Spells                   Type           Power        Failure   Level
 Call Imp                 Summ           13%          9%          2
 Call Canine Familiar     Summ           13%          17%         3
 Summon Guardian Golem    Hex/Summ       7%           38%         3
 Summon Ice Beast         Ice/Summ       7%           80%         4
 Summon Lightning Spire   Summ/Air       7%           80%         4


Dungeon Overview and Level Annotations

Branches:
Dungeon (3/15)

Altars:
Elyvilon
Makhleb


Message History

You kill the gnoll!
Makhleb accepts your kill.
You hit the gnoll. Lightning courses through the gnoll!!
You kill the gnoll!
Makhleb accepts your kill.
You hit the gnoll. The gnoll hits you with a +0 whip.
The gnoll hits you but does no damage. The frilled lizard bites you.
The gnoll hits you with a +0 whip. The gnoll completely misses you.
The frilled lizard barely misses you.
Things that are here:
a +0 whip; a gnoll corpse You slash the gnoll!
The gnoll is heavily wounded.
You hit the gnoll. You closely miss the frilled lizard.
The gnoll completely misses you. The gnoll hits you with a +0 spear!
* * * LOW HITPOINT WARNING * * *
The frilled lizard misses you. The gnoll misses you.
The gnoll hits you from afar with a +0 spear!
You die...

#.# ##.####### #.# #.
##..?...... ### #<# #..
........... ..# #.# #..
.......... ..# #.#
#.##.[....... ..###.#
#............ ..^...#
#...g...... ...####
#))g...... ....###
#.@l...... #.....#
##.#####.. ##.##.#####
#.#
#........######.#####.
###....#..............#
####..########.######
##...# ..# # ###.###
#.# # #...#####.#


You could see 2 gnolls and a frilled lizard.

Vanquished Creatures
  2 gnolls (D:3)
  An adder (D:2)
  A worm (D:2)
  A leopard gecko (D:2)
  2 ball pythons
  7 bats
  A goblin (D:3)
  4 hobgoblins
  A quokka (D:2)
  5 frilled lizards
  2 kobolds (D:1)
  8 rats
35 creatures vanquished.

Vanquished Creatures (collateral kills)
  An ooze (D:2)
  2 worms (D:2)
  2 dart slugs (D:1)
  A bat (D:1)
  2 goblins
  A hobgoblin (D:1)
  A kobold (D:2)
  2 frilled lizards (D:1)
  A rat (D:1)
13 creatures vanquished.

Grand Total: 48 creatures vanquished

Notes
Turn   | Place    | Note
-------+----------+-------------------------------------------
     0 | D:1      | vvl the Merfolk Summoner began the quest for the Orb.
     0 | D:1      | Reached XP level 1. HP: 13/13 MP: 3/3
   400 | D:1      | Reached XP level 2. HP: 10/20 MP: 0/5
   424 | D:1      | Reached skill level 1 in Polearms
  1647 | D:2      | Reached XP level 3. HP: 25/25 MP: 6/6
  1662 | D:2      | Reached skill level 1 in Fighting
  2209 | D:2      | Found a burning altar of Makhleb.
  2229 | D:2      | Became a worshipper of Makhleb the Destroyer
  2365 | D:2      | Found a white marble altar of Elyvilon.
  2701 | D:2      | Reached XP level 4. HP: 32/32 MP: 7/7
  2931 | D:3      | Slain by a gnoll

Illustrated notes

Levels and vault maps discovered:
D:1:      dpeg_arrival_court, layout_basic, minivault_23, minmay_tetromino_t2
D:2:      layout_basic, bloody_makhleb, old_standard_altar,
          minmay_misc_feat_more_columns, minmay_vboxes
D:3:      layout_rooms, uniq_terence

Skill      XL: |  1  2  3 |
---------------+----------+-----
Dodging        | 3 |  3.5
Polearms       | 1 2 |  2.1
Fighting       | 1 |  1.4
Stealth        | |  2.9
Spellcasting   | |  2.4
Summonings     | |  4.2

Action                   |  1- 3 |  4- 6 || total
-------------------------+-------+-------++-------
Melee: Unarmed           |    88 |       ||    88
       Club              |    43 |       ||    43
       Short sword       |    30 |       ||    30
       Hand axe          |    23 |     9 ||    32
 Cast: Summon Small Mamm |    24 |       ||    24
 Stab: Sleeping          |    11 |       ||    11
Armor: Robe              |    49 |       ||    49
       Leather armour    |    11 |     2 ||    13
Dodge: Dodged            |   155 |    13 ||   168
